 Dungeon Crawl Stone Soup version 0.30-a0-341-g682706514a (webtiles) character file.

Game seed: 4434162429782026331

284 pyrow613 the Firebug (level 6, -3/32 HPs)
             Began as a Deep Elf Fire Elementalist on Nov 4, 2022.
             Slain by a gnoll
             ... wielding a +0 flail
             ... led by a gnoll bouda
              (9 damage)
             ... on level 4 of the Dungeon.
             The game lasted 00:11:01 (2114 turns).

pyrow613 the Firebug (Deep Elf Fire Elementalist)   Turns: 2114, Time: 00:11:02

Health: -3/32      AC:  4    Str: 13    XL:     6   Next: 7%
Magic:  0/14       EV: 13    Int: 20    God:
Gold:   188        SH:  0    Dex: 21    Spells: 3/13 levels left

rFire   + . .      SeeInvis .    a - +1 dagger (venom)
rCold   + . .      Faith    .    (no shield)
rNeg    . . .      Spirit   .    s - +0 leather armour
rPois   .          Reflect  .    (no helmet)
rElec   .          Harm     .    r - scarf {rC+ rF+}
rCorr   .          Rampage  .    e - +0 pair of gloves
Will    .....                    (no boots)
Stlth   +++.......               (no amulet)
HPRegen 0.25/turn                n - +6 ring of dexterity
MPRegen 0.14/turn                k - +6 ring of strength

@: weakened, very slightly contaminated
A: no striking features
a: no special abilities


You were on level 4 of the Dungeon.
You visited 1 branch of the dungeon, and saw 4 of its levels.

You collected 188 gold pieces.

Inventory:

Hand Weapons
 a - a +1 dagger of venom (weapon)
Armour
 e - a +0 pair of gloves (worn)
 g - an orb of light
 r - a scarf of resistance (worn)
 s - a +0 leather armour (worn)
Jewellery
 k - a +6 ring of strength (right hand)
 n - a +6 ring of dexterity (left hand)
Wands
 t - a wand of paralysis (9)
Scrolls
 i - a scroll of amnesia {unknown}
 j - 5 scrolls of identify {unknown}
 l - a scroll of teleportation {unknown}
 q - a scroll of fear {unknown}
 u - 3 scrolls of magic mapping {unknown}
Potions
 b - 3 potions of magic
 c - a potion of brilliance {unknown}
 d - a potion of heal wounds {unknown}
 f - 3 potions of curing {unknown}
 h - a potion of might {unknown}
 m - a potion of lignification {unknown}
 o - a potion of haste {unknown}
 p - a potion of flight {unknown}


   Skills:
 + Level 3.6 Dodging
 + Level 3.7 Stealth
 + Level 4.2 Spellcasting
 * Level 3.7 Conjurations
 * Level 4.8 Fire Magic


You had 3 spell levels left.
You knew the following spells:

 Your Spells              Type           Power      Damage    Failure   Level
a - Foxfire               Conj/Fire      84%        2x1d8     2%          1
b - Scorch                Fire           46%        2d7       3%          2
c - Kindle Blastsparks    Fire/Tloc/Air  20%        2d11      24%         3
d - Flame Wave            Conj/Fire      21%        2d8       28%         4

Your spell library contained the following spells:

 Spells                   Type           Power      Damage    Failure   Level
 Inner Flame              Hex/Fire       13%        N/A       19%         3
 Portal Projectile        Hex/Tloc       8%         N/A       43%         3
 Tukima's Dance           Hex            4%         N/A       43%         3
 Animate Dead             Necr           4%         N/A       85%         4
 Blade Hands              Tmut           2%         N/A       99%         5
 Borgnjor's Vile Clutch   Necr/Erth      2%         N/A       99%         5
 Death Channel            Necr           2%         N/A       100%        6


Dungeon Overview and Level Annotations

Branches:
Dungeon (4/15)
 Temple: D:4-7

Altars:
Hepliaklqana

Shops:
D:3 (


Message History

The foxfire hits the gnoll bouda.
The gnoll bouda is almost dead.
Casting: Foxfire (safe; 3% risk of failure)
Press: ? - help, Q - select action, (/) - cycle Dir - look around, f - activate You miscast Foxfire.
You are very lightly contaminated with residual magic.
Nothing appears to happen.
Unknown command.
Unknown command.
You closely miss the gnoll bouda.
The gnoll bouda is almost dead.
The gnoll shouts!
The gnoll bouda gazes fiercely through you!
You feel as though you will be weak longer.
The gnoll bouda hits you with a +0 whip!
You barely miss the gnoll bouda.
The gnoll bouda is almost dead.
The gnoll hits you with a +0 club.
The gnoll bouda hits you with a +0 whip.
Casting: Foxfire (safe; 3% risk of failure)
Confirm with . or Enter, or press ? or * to list all spells.
Flames lash the gnoll.
The gnoll is almost dead.
The gnoll's fire resistance burns away.
The gnoll hits you with a +0 club.
The gnoll bouda calls upon its god to heal the gnoll.
The gnoll is healed somewhat.
Unknown command.
Casting: Scorch (safe; 3% risk of failure)
Confirm with . or Enter, or press ? or * to list all spells.
Flames lash the gnoll bouda.
You kill the gnoll bouda!
The gnoll hits you with a +0 club.
* * * LOW HITPOINT WARNING * * *
You have reached level 6!
Casting: Scorch (safe; 3% risk of failure)
Confirm with . or Enter, or press ? or * to list all spells.
Flames lash the gnoll.
The gnoll is burned terribly!
You kill the gnoll!
The gnoll hits you with a +0 flail!
You die...

. .#? # ## .^
#.#. .#
#.$.###### ##.#
#..)).)###..#
#.####g@##..#####
#g ##..).......
#g ###..###... #g
#..# #. #. ##.#
#.# #g #.######
#.# #g #......#
#.### #.####.#
#.#.. #....#.#
#.#.#


You could see a gnoll (swift).

Vanquished Creatures
  A black bear (D:4)
  A scorpion (D:4)
  A gnoll bouda (D:4)
  2 adders
  4 gnolls (D:4)
  A dart slug (D:4)
  3 endoplasms
  7 giant cockroaches
  6 goblins
  2 hobgoblins (D:1)
  4 jackals
  8 kobolds
  5 quokkas
  3 ball pythons
  3 bats
  2 frilled lizards (D:1)
  5 rats
  A spectral goblin (D:3)
59 creatures vanquished.

Vanquished Creatures (others)
  73 foxfires
73 creatures vanquished.

Grand Total: 132 creatures vanquished

Notes
Turn   | Place    | Note
-------+----------+-------------------------------------------
     0 | D:1      | pyrow613 the Deep Elf Fire Elementalist began the quest for
                  | the Orb.
     0 | D:1      | Reached XP level 1. HP: 10/10 MP: 6/6
   135 | D:1      | Reached XP level 2. HP: 15/15 MP: 0/8
   481 | D:1      | Reached XP level 3. HP: 19/19 MP: 9/9
   607 | D:2      | Learned a level 2 spell: Scorch
  1080 | D:3      | Found Xunep's Weapon Shoppe.
  1246 | D:3      | Found a hazy altar of Hepliaklqana.
  1495 | D:3      | Found a faded altar of an unknown god.
  1771 | D:4      | Reached XP level 4. HP: 24/24 MP: 6/11
  1881 | D:4      | Noticed a scorpion
  1898 | D:4      | Killed a scorpion
  1903 | D:4      | Learned a level 3 spell: Kindle Blastsparks
  1908 | D:4      | Learned a level 4 spell: Flame Wave
  1972 | D:4      | Noticed a black bear
  1977 | D:4      | Killed a black bear
  1978 | D:4      | Reached XP level 5. HP: 21/28 MP: 6/13
  2114 | D:4      | Reached XP level 6. HP: 6/32 MP: 2/14
  2114 | D:4      | Slain by a gnoll

Illustrated notes

Levels and vault maps discovered:
D:1:      lightli_arrival_noodles, layout_rooms
D:2:      layout_rooms, corner_web_ring
D:3:      layout_basic, nicolae_hepliaklqana_monster_ancestors,
          dreamdust_ecumenical_altar_grove, serial_shops,
          nicolae_shop_bloodbath_and_beyond
D:4:      layout_basic, lemuel_tele_altar

Skill      XL: |  1  2  3  4 |
---------------+-------------+-----
Conjurations   | 2 3 |  3.7
Stealth        | 3 |  3.7
Fire Magic     | 4 |  4.8
Dodging        | 3 |  3.6
Spellcasting   | 4 |  4.2

Action                   |  1- 3 |  4- 6 || total
-------------------------+-------+-------++-------
Melee: Dagger            |    88 |    15 ||   103
       Punch             |     1 |       ||     1
 Cast: Foxfire           |    27 |    15 ||    42
       Scorch            |       |     5 ||     5
 Stab: Sleeping          |     3 |     1 ||     4
Armor: Robe              |    25 |       ||    25
       Leather armour    |     1 |     1 ||     2
Dodge: Dodged            |    54 |     9 ||    63

Table legend: (Time is in decaauts)
 A = Elapsed time spent in this place.
 B = Non-inter-level travel time spent in this place.
 C = Inter-level travel time spent in this place.
 D = Time resting spent in this place.
 E = Time spent auto-exploring this place.
 F = Levels seen in this place.
 G = Mean time per level.
                   A        B        C        D        E       F      G
               +--------+--------+--------+--------+--------+-----+--------+
         Total |   2111 |   2037 |     74 |     26 |   1556 |   4 |  527.8 |
       Dungeon |   2111 |   2037 |     74 |     26 |   1556 |   4 |  527.8 |
               +--------+--------+--------+--------+--------+-----+--------+

Top non-repeatable levels by time:
     D:3: 670 daAuts
     D:1: 575 daAuts
     D:2: 503 daAuts
     D:4: 361 daAuts
